 Dungeon Crawl Stone Soup version 0.17.0-24-gcfadda4 (webtiles) character file.

24 Ordine the Changer (level 3, 6/31 HPs)
             Began as a Naga Transmuter on Nov 16, 2015.
             Quit the game on level 2 of the Dungeon.
             The game lasted 00:05:25 (1394 turns).

Ordine the Changer (Naga Transmuter)                Turns: 1394, Time: 00:05:25

Health: 6/31       AC:  7    Str: 12    XL:     3   Next: 2%
Magic:  5/6        EV:  8    Int: 14    God:
Gold:   45         SH:  0    Dex: 11    Spells: 2 memorised, 2 levels left

rFire  . . .     SeeInvis +       - Unarmed
rCold  . . .     Clarity  .     b - +0 robe
rNeg   . . .     SustAt   +     (no shield)
rPois  +         Gourm    .     (no helmet)
rElec  .         Spirit   .     (no cloak)
rCorr  .         Warding  .     (no gloves)
rMut   .         Stasis   .     a - +1 naga barding
MR     .....                    (no amulet)
Stlth  +.........               (no ring)
                                h - ring of sustain attributes

@: lethally poisoned (6 -> 0), appendage (expiring), very slow, not resistant to
hostile enchantments, very unstealthy
A: horns 2, see invisible, deformed body, poison resistance, slowness 2, slow
metabolism 1, spit poison 2, AC +1
a: Spit Poison, End Transformation


You were on level 2 of the Dungeon.
You were not hungry.
You had grown temporary horns.
You visited 1 branch of the dungeon, and saw 2 of its levels.

You collected 45 gold pieces.

Inventory:

Armour
 a - a +1 naga barding (worn)
 b - a +0 robe (worn)
 i - a +0 helmet
Jewellery
 h - a ring of sustain attributes (left hand)
Scrolls
 e - a scroll of recharging
Books
 c - a book of Changes

   Spells                             Type                      Level
   a - Beastly Appendage              Transmutation                1
   b - Sticks to Snakes               Transmutation                2
   c - Spider Form                    Transmutation/Poison         3
   d - Ice Form                       Ice/Transmutation            4
   e - Blade Hands                    Transmutation                5
Comestibles
 d - a bread ration
 f - 6 chunks of flesh
 g - a meat ration


   Skills:
 - Level 1.0 Fighting
 - Level 1.5 Dodging
 - Level 3.0 Unarmed Combat
 - Level 2.0 Spellcasting
 + Level 3.4 Transmutations


You had 2 spell levels left.
You knew the following spells:

 Your Spells              Type           Power        Failure   Level  Hunger
a - Beastly Appendage     Trmt           ##....       10%         1    ##.....
b - Spider Form           Trmt/Pois      #.........   38%         3    ####...


Dungeon Overview and Level Annotations

Branches:
Dungeon (2/15)

Altars:


Innate Abilities, Weirdness & Mutations

You cannot wear boots.
Your serpentine skin is tough (AC +1).
You have supernaturally acute eyesight.
Armour fits poorly on your strangely shaped body.
Your system is resistant to poisons.
You cover ground very slowly.
You have a slow metabolism.
You can spit poison.
You have a pair of horns on your head.


Message History

The adder is moderately wounded.
The adder bites you.
You closely miss the adder.
The adder is moderately wounded.
You feel sick. The adder bites you.
You barely miss the adder.
The adder is moderately wounded.
Your transformation is almost over.
The adder barely misses you. The adder closely misses you.
You hit the adder but do no damage.
The adder is moderately wounded.
The adder bites you.
* * * LOW HITPOINT WARNING * * *
You are more poisoned.
The adder poisons you!
You hit the adder.
The adder is moderately wounded.
You feel sick. The adder bites you.
* * * LOW HITPOINT WARNING * * *
Are you sure you want to abandon this character and quit the game? (Confirm with "yes".)

#########
#.......#
#.#####.# ##
####.# #.#
##.###.##.#####.#
#...#.#.......#.#
.....#.##.###<#.##
...<...##........#
##.######..##.#.@#
#. #.......S# #.
##.##>##.# #+
#.##. ..# .## #.#
#.# ... #.#


You could see an adder.

Vanquished Creatures
  A giant gecko (D:1)
  A ball python (D:1)
  2 giant cockroaches (D:1)
  4 goblins (D:1)
  2 hobgoblins
  2 jackals (D:1)
  3 bats (D:1)
  3 kobolds (D:1)
  3 rats (D:1)
21 creatures vanquished.

Notes
Turn   | Place    | Note
--------------------------------------------------------------
     0 | D:1      | Ordine the Naga Transmuter began the quest for the Orb.
     0 | D:1      | Reached XP level 1. HP: 18/18 MP: 3/3
   335 | D:1      | Reached XP level 2. HP: 25/25 MP: 5/5
  1338 | D:2      | Reached XP level 3. HP: 29/31 MP: 6/6
  1359 | D:2      | Learned a level 3 spell: Spider Form
  1394 | D:2      | Quit the game

Action                   || total
-------------------------++-------
Melee: Unarmed           ||   108
 Cast: Beastly Appendage ||     7
  Use: Scroll            ||     5
       Potion            ||     1
  Eat: Chunk             ||     1
